 Dungeon Crawl Stone Soup version 0.30-a0-4-ga7cffc901d (webtiles) character file.

Game seed: 10410646802692708337

39 Sabo the Conjurer (level 3, -2/21 HPs)
             Began as an Octopode Conjurer on Aug 21, 2022.
             Was a Follower of Sif Muna.
             Killed from afar by Natasha (7 damage)
             ... with a magic dart
             ... on level 2 of the Dungeon.
             The game lasted 00:14:42 (2848 turns).

Sabo the Conjurer (Octopode Conjurer)               Turns: 2848, Time: 00:14:44

Health: -2/21      AC:  1    Str:  6    XL:     3   Next: 47%
Magic:  6/6        EV: 13    Int: 22    God:    Sif Muna [*.....]
Gold:   127        SH:  0    Dex: 10    Spells: 3/6 levels left

rFire   . . .      SeeInvis .    m - staff of conjuration
rCold   . . .      Faith    .    (no shield)
rNeg    . . .      Spirit   .    (helmet restricted)
rPois   .          Reflect  .    (no amulet)
rElec   .          Harm     .    (no ring)
rCorr   .          Rampage  .    (no ring)
Will    .....                    (no ring)
Stlth   +++.......               (no ring)
HPRegen 0.07/turn                (no ring)
MPRegen 0.10/turn                (no ring)
                                 (no ring)
                                 (no ring)

@: slowed, very slow
A: almost no armour, amphibious, 8 rings, camouflage 1, gelatinous body 1,
(nimble swimmer 1), tentacles
a: Renounce Religion, Channel Magic


You were on level 2 of the Dungeon.
You worshipped Sif Muna.
Sif Muna was aware of your devotion.
You visited 1 branch of the dungeon, and saw 2 of its levels.

You collected 127 gold pieces.

Inventory:

Missiles
 d - 4 poisoned darts (quivered)
Magical Staves
 m - a staff of conjuration (weapon)
Scrolls
 c - 3 scrolls of identify
 g - a scroll of teleportation
 j - a scroll of immolation {unknown}
Potions
 a - 2 potions of magic
 e - a potion of lignification {unknown}
 f - 2 potions of heal wounds
 h - 2 potions of might
 i - 2 potions of berserk rage {unknown}
 k - 3 potions of curing {unknown}
 l - a potion of haste {unknown}


   Skills:
 + Level 2.2 Dodging
 + Level 3.0 Stealth
 + Level 2.1 Spellcasting
 + Level 4.9 Conjurations


You had 3 spell levels left.
You knew the following spells:

 Your Spells              Type           Power      Damage    Failure   Level
a - Magic Dart            Conj           100%       1d8       1%          1
b - Searing Ray           Conj           70%        2d7       2%          2

Your spell library contained the following spells:

 Spells                   Type           Power      Damage    Failure   Level
 Dazzling Flash           Conj/Hex       38%        N/A       16%         3
 Sublimation of Blood     Necr           2%         N/A       21%         2
 Wereblood                Tmut           2%         N/A       21%         2
 Fulminant Prism          Conj/Hex       9%         3d7       45%         4
 Hailstorm                Conj/Ice       19%        3d6       45%         4
 Iskenderun's Mystic Bla  Conj/Tloc      19%        2d6       45%         4
 Ice Form                 Ice/Tmut       2%         N/A       80%         4
 Simulacrum               Ice/Necr       1%         N/A       100%        6
 Summon Hydra             Summ           1%         N/A       100%        7


Dungeon Overview and Level Annotations

Branches:
Dungeon (2/15)

Altars:
Sif Muna

Annotations:
D:2 Natasha


Innate Abilities, Weirdness & Mutations

You cannot wear most types of armour.
You are amphibious.
You can wear up to eight rings at the same time.
Your skin changes colour to match your surroundings (Stealth+).
Your rubbery body absorbs attacks. (AC +1, EV +1)
((You are camouflaged when in or above water. (Stealth+)))
You have tentacles for arms and can constrict up to eight enemies at once.


Message History

Sif Muna accepts your kill.
You see here a +0 club.
The helpless bat fails to defend itself.
You hit the bat.
You kill the bat!
Sif Muna accepts your kill.
You see here a bat corpse.
Natasha, Servant of Life and Death comes into view.
Natasha hisses angrily.
You closely miss Natasha. Your grab misses Natasha. Natasha closely misses you.
You barely miss Natasha. Your grab misses Natasha.
Natasha stares at you and mumbles some strange words.
You resist with significant effort.
You hit Natasha. You grab Natasha.
Natasha is lightly wounded.
You constrict Natasha, but do no damage.
Natasha wildly gestures.
Natasha shimmers violently.
Natasha claws you. Natasha claws you!
You hit Natasha.
Natasha is moderately wounded.
You constrict Natasha. Natasha casts a spell at you. The magic dart hits you!
* * * LOW HITPOINT WARNING * * *
You barely miss Natasha.
Natasha is moderately wounded.
You constrict Natasha. Natasha barely misses you.
You hit Natasha but do no damage.
Natasha is severely wounded.
You constrict Natasha. Natasha casts a spell at you.
You feel yourself slow down.
You hit Natasha.
Natasha is almost dead.
You constrict Natasha, but do no damage.
Natasha barely misses you.
Natasha stares at you and mumbles some strange words.
The magic dart hits you!
You die...

.#####....#
#.#.##).....†.#
..........#
#.#.##.######.#
.#####....#
#.............# ##
#....###..###.########
##..>....#.#.#.#
#............#.#
#.###.##..##.#.#
#####†###.##.......#
#......##.###.##@###
#......##.# #.#.h.......
#......##.# #.#..#######
#####'###.# #.#### #.#
#.# #.# #.###.###.#
#.#.......###########
#####.#.#...............#
......#.###############.#


You could see Natasha.

Vanquished Creatures
  An adder (D:2)
  An orc (D:2)
  7 bats
  An endoplasm (D:1)
  A giant cockroach (D:1)
  3 goblins
  2 hobgoblins
  3 jackals (D:1)
  3 kobolds
  2 ball pythons
  2 frilled lizards
  2 rats (D:1)
28 creatures vanquished.

Notes
Turn   | Place    | Note
-------+----------+-------------------------------------------
     0 | D:1      | Sabo the Octopode Conjurer began the quest for the Orb.
     0 | D:1      | Reached XP level 1. HP: 11/11 MP: 3/3
   471 | D:1      | Reached XP level 2. HP: 6/17 MP: 5/5
   989 | D:1      | Found a faded altar of an unknown god.
   994 | D:1      | Prayed at the altar of an unknown god.
   994 | D:1      | Became a worshipper of Sif Muna the Loreminder
   994 | D:1      | Reached * piety under Sif Muna
  1967 | D:2      | Reached XP level 3. HP: 21/21 MP: 2/6
  2765 | D:2      | Learned a level 2 spell: Searing Ray
  2839 | D:2      | Noticed Natasha
  2848 | D:2      | Killed from afar by Natasha

Illustrated notes

Levels and vault maps discovered:
D:1:      dpeg_arrival_rhombus, layout_basic, chequers_ecumenical_altar_grove,
          minmay_misc_feat_rows, minivault_5
D:2:      minmay_general_purpose_star, layout_basic, minmay_misc_feat_doors,
          item_on_display_a, uniq_natasha

Skill      XL: |  1  2 |
---------------+-------+-----
Stealth        | 3 |  3.0
Dodging        | |  2.2
Spellcasting   | |  2.1
Conjurations   | |  4.9

Action                   || total
-------------------------++-------
Melee: Short sword       ||    10
       Constrict         ||     4
       Tentacles         ||     2
       Staff             ||    10
Throw: Dart              ||     2
 Cast: Magic Dart        ||    38
  Use: Scroll            ||     4
 Stab: Sleeping          ||     1
Armor: Skin              ||     1
Dodge: Dodged            ||    13

Table legend: (Time is in decaauts)
 A = Elapsed time spent in this place.
 B = Non-inter-level travel time spent in this place.
 C = Inter-level travel time spent in this place.
 D = Time resting spent in this place.
 E = Time spent auto-exploring this place.
 F = Levels seen in this place.
 G = Mean time per level.
                   A        B        C        D        E       F      G
               +--------+--------+--------+--------+--------+-----+--------+
         Total |   2849 |   2849 |      0 |    983 |      0 |   2 | 1424.5 |
       Dungeon |   2849 |   2849 |      0 |    983 |      0 |   2 | 1424.5 |
               +--------+--------+--------+--------+--------+-----+--------+

Top non-repeatable levels by time:
     D:1: 1853 daAuts
     D:2: 996 daAuts
